 Dungeon Crawl Stone Soup version 0.29.0-11-gd7f09526c8 (webtiles) character file.

Game seed: 41059558448189733

1653 adizb the Trooper (level 8, -8/67 HPs)
             Began as a Demonspawn Fighter on Sept 4, 2022.
             Was an Initiate of Qazlal.
             Mangled by an ice beast (12 damage)
             ... on level 6 of the Dungeon.
             The game lasted 00:24:06 (5211 turns).

adizb the Trooper (Demonspawn Fighter)              Turns: 5211, Time: 00:24:06

Health: -8/67      AC: 10    Str: 17    XL:     8   Next: 68%
Magic:  10/10      EV: 10    Int: 10    God:    Qazlal [......]
Gold:   313        SH:  5    Dex: 12    Spells: 7/7 levels left

rFire   . . .      SeeInvis .   m - +4 hand axe (venom)
rCold   . . .      Faith    .   c - +0 buckler
rNeg    . . .      Spirit   .   x - +3 ring mail
rPois   +          Reflect  .   (no helmet)
rElec   .          Harm     .   a - +0 cloak
rCorr   .          Rampage  .   (no gloves)
Will    .....      Clarity  +   (no boots)
Stlth   +.........              (no amulet)
HPRegen 0.21/turn               s - ring of poison resistance
MPRegen 0.12/turn               (no ring)

@: about to teleport
A: foul stench 1, powered by pain 1, sharp scales 1, weakness stinger 1, hooves
1, clarity, weak 1
a: Renounce Religion


You were on level 6 of the Dungeon.
You worshipped Qazlal.
Qazlal was noncommittal.
You visited 2 branches of the dungeon, and saw 7 of its levels.

You collected 313 gold pieces.

Inventory:

Hand Weapons
 m - a +4 hand axe of venom (weapon)
Armour
 a - a +0 cloak (worn)
 c - a +0 buckler (worn)
 j - a +0 plate armour
 x - a +3 ring mail (worn)
Magical Staves
 k - a staff of air
Jewellery
 s - a ring of poison resistance (left hand)
 v - a ring of see invisible
Wands
 r - a wand of iceblast (3)
 u - a wand of flame (14)
Scrolls
 f - a scroll of enchant weapon
 h - a scroll of silence {unknown}
 l - 2 scrolls of amnesia {unknown}
 p - 4 scrolls of teleportation
 t - a scroll of poison {unknown}
 w - a scroll of identify
Potions
 b - 2 potions of experience {unknown}
 d - 3 potions of might
 e - 3 potions of attraction {unknown}
 g - 2 potions of brilliance
 i - 2 potions of flight {unknown}
 n - 4 potions of curing
 o - 2 potions of degeneration {unknown}
 q - a potion of resistance {unknown}
 z - 2 potions of lignification {unknown}


   Skills:
 + Level 7.1 Fighting
 * Level 5.5 Axes
 - Level 2.6 Armour
 + Level 6.4 Shields
 + Level 2.9 Invocations


You had 7 spell levels left.
You didn't know any spells.
Your spell library contained the following spells:

 Spells                   Type           Power      Damage    Failure   Level
 Blink                    Tloc           0%         N/A       78%         2
 Corpse Rot               Necr/Pois/Air  0%         N/A       100%        4
 Dispel Undead            Necr           0%         3d6       100%        4
 Passage of Golubria      Tloc           0%         N/A       100%        4
 Manifold Assault         Tloc           0%         N/A       100%        5
 Silence                  Hex/Air        0%         N/A       100%        5
 Death Channel            Necr           0%         N/A       100%        6
 Storm Form               Tmut/Air       0%         N/A       100%        7
 Lehudib's Crystal Spear  Conj/Erth      0%         10d2      100%        8


Dungeon Overview and Level Annotations

Branches:
Dungeon (6/15)             Temple (1/1) D:5

Altars:
Cheibriados
Dithmenos
Fedhas
Hepliaklqana
Kikubaaqudgha
Makhleb
Nemelex Xobeh
Okawaru
Qazlal
Ru
Sif Muna
Uskayaw
Vehumet
Wu Jian
Yredelemnul


Innate Abilities, Weirdness & Mutations

You may rarely emit foul miasma when damaged in melee.
You sometimes gain a little power by taking damage.
You are partially covered in razor-sharp scales. (AC +1, Slay +1)
You have a small tail.
You have large cloven feet.
You possess an exceptional clarity of mind.
You are weak. (Str -2)


Message History

Magic restored.
As you open the door, it creaks loudly!
An ice beast comes into view.
There is an open door here.
You hit the ice beast. You kick the ice beast.
The ice beast is moderately wounded.
The ice beast hits you but does no damage.
You block the ice beast's attack.
You hit the ice beast. You kick the ice beast.
The ice beast is heavily wounded.
The ice beast hits you but does no damage.
You hit the ice beast but do no damage. You kick the ice beast.
The ice beast is heavily wounded.
You block the ice beast's attack.
You closely miss the ice beast.
The ice beast is heavily wounded.
The ice beast hits you but does no damage.
You barely miss the ice beast.
You kick the ice beast, but do no damage.
The ice beast is heavily wounded.
The ice beast hits you. The ice beast freezes you!
You hit the ice beast but do no damage.
The ice beast is heavily wounded.
The ice beast hits you. The ice beast freezes you!
You hit the ice beast.
You kick the ice beast, but do no damage.
The ice beast is heavily wounded.
The ice beast hits you. The ice beast freezes you!
You are too injured to fight recklessly!
The ice beast attacks as you move away! The ice beast hits you.
* * * LOW HITPOINT WARNING * * *
The ice beast freezes you!
* * * LOW HITPOINT WARNING * * *
There is an open door here.
As you read the scroll of teleportation, it crumbles to dust.
You feel strangely unstable. The ice beast barely misses you.
The ice beast attacks as you move away! The ice beast hits you.
* * * LOW HITPOINT WARNING * * *
The ice beast freezes you!
You die...

##.....## #.##......
##.......## #.#.......
#.........###.........
+.........+...........
#.........###....#...#
#.......# #.......##
#.....# #######.#
#Y..# #.# ##.####@##
######.# ........#
#......# ##.###..###
#.###### ..........#
#.# ###.##....# #.# ..
#.....######.#
.######...........#
.........##########
##########


You could see an ice beast.

Vanquished Creatures
  A steam dragon (D:6)
  2 ice beasts
  3 ogres
  A centaur (D:5)
  The ghost of Jase the Cutter, an amateur KoAK of Lugonu (D:3)
  A phantom (D:6)
  Blork the orc (D:4)
  A bullfrog (D:6)
  A jelly (D:6)
  2 hounds
  An orc priest (D:6)
  Ijyb (D:3)
  An iguana (D:5)
  5 orc wizards
  8 adders
  2 shadow imps
  2 ufetubi
  4 dart slugs
  11 orcs
  8 endoplasms
  3 giant cockroaches
  15 goblins
  19 hobgoblins
  10 jackals
  9 quokkas
  10 ball pythons
  7 bats
  6 frilled lizards
  14 kobolds
  8 rats
158 creatures vanquished.

Vanquished Creatures (collateral kills)
  A wyvern (D:5)
  A hound (D:5)
2 creatures vanquished.

Grand Total: 160 creatures vanquished

Notes
Turn   | Place    | Note
-------+----------+-------------------------------------------
     0 | D:1      | adizb the Demonspawn Fighter began the quest for the Orb.
     0 | D:1      | Reached XP level 1. HP: 18/18 MP: 1/1
   207 | D:1      | Gained mutation: You have a small tail. [demonic ancestry]
   207 | D:1      | Reached XP level 2. HP: 24/24 MP: 2/2
   538 | D:1      | Found a faded altar of an unknown god.
   687 | D:1      | Gained mutation: You may rarely emit foul miasma when
                  | damaged in melee. [demonic ancestry]
   687 | D:1      | Reached XP level 3. HP: 29/29 MP: 3/3
  1166 | D:2      | Reached skill level 4 in Fighting
  1728 | D:3      | Reached XP level 4. HP: 36/37 MP: 4/4
  1763 | D:3      | Found a runed translucent door.
  1764 | D:3      | Noticed Jase's ghost (amateur KoAK)
  1811 | D:3      | Noticed Ijyb
  1820 | D:3      | Killed Ijyb
  2016 | D:3      | Noticed an ogre
  2031 | D:3      | Killed an ogre
  2032 | D:3      | Gained mutation: You sometimes gain a little power by
                  | taking damage. [demonic ancestry]
  2032 | D:3      | Reached XP level 5. HP: 11/43 MP: 5/5
  2358 | D:3      | Reached skill level 5 in Fighting
  2478 | D:3      | Killed Jase's ghost
  2479 | D:3      | Reached XP level 6. HP: 38/51 MP: 6/6
  2571 | D:4      | Noticed Blork the orc
  2577 | D:4      | Killed Blork the orc
  2578 | D:4      | Reached skill level 5 in Shields
  2823 | D:4      | Gained mutation: You are partially covered in razor-sharp
                  | scales. (AC +1, Slay +1) [demonic ancestry]
  2823 | D:4      | Reached XP level 7. HP: 56/57 MP: 7/7
  2989 | D:4      | Found a sacrificial altar of Ru.
  3247 | D:5      | Entered Level 5 of the Dungeon
  3305 | D:5      | Noticed a wyvern
  3316 | D:5      | Killed a wyvern
  3317 | D:5      | Reached skill level 6 in Fighting
  3699 | D:5      | Found a staircase to the Ecumenical Temple.
  3727 | Temple   | Entered the Ecumenical Temple
  4075 | D:5      | Found a stormy altar of Qazlal.
  4080 | D:5      | Found an ancient bone altar of Kikubaaqudgha.
  4092 | D:5      | Found a sparkling altar of Nemelex Xobeh.
  4102 | D:5      | Found a burning altar of Makhleb.
  4110 | D:5      | Became a worshipper of Qazlal Stormbringer
  4280 | D:5      | Found an iron altar of Okawaru.
  4419 | D:5      | Found a blossoming altar of Fedhas.
  4503 | D:6      | Reached XP level 8. HP: 61/65 MP: 8/8
  4663 | D:6      | Reached skill level 1 in Invocations
  4813 | D:6      | Reached skill level 5 in Axes
  4891 | D:6      | Gained mutation: Your mind is acute. (Int +4, Str/Dex -1)
                  | [potion of mutation]
  4891 | D:6      | Gained mutation: You occasionally lose the ability to drink
                  | potions when taking damage. [potion of mutation]
  4891 | D:6      | Gained mutation: You have a pair of small antennae on your
                  | head. [potion of mutation]
  4892 | D:6      | Lost mutation: You have a pair of small antennae on your
                  | head. [potion of mutation]
  4892 | D:6      | Lost mutation: Your mind is acute. (Int +4, Str/Dex -1)
                  | [potion of mutation]
  4892 | D:6      | Gained mutation: You are weak. (Str -2) [potion of
                  | mutation]
  4893 | D:6      | Lost mutation: You occasionally lose the ability to drink
                  | potions when taking damage. [potion of mutation]
  4893 | D:6      | Lost mutation: You are weak. (Str -2) [potion of mutation]
  4893 | D:6      | Gained mutation: You are weak. (Str -2) [potion of
                  | mutation]
  4893 | D:6      | Gained mutation: You possess an exceptional clarity of
                  | mind. [potion of mutation]
  4893 | D:6      | Gained mutation: You have large cloven feet. [potion of
                  | mutation]
  4931 | D:6      | Reached skill level 7 in Fighting
  4988 | D:6      | Found a hazy altar of Hepliaklqana.
  5122 | D:6      | Found a hide-covered altar of Uskayaw.
  5211 | D:6      | Mangled by an ice beast

Illustrated notes

Levels and vault maps discovered:
D:1:      dpeg_chamrin_arrival_tetris, layout_loops_corners,
          chequers_ecumenical_altar_island
D:2:      layout_basic
D:3:      minmay_chambers_of_threes, layout_rooms,
          hellmonk_ghost_happy_afterlife, hangedman_decor_clover_reticule,
          minmay_ogre_servants, uniq_ijyb
D:4:      layout_loops_ring, nicolae_ru_sacrificial_ziggurat,
          nicolae_overflow_crystal_walls, uniq_blork_the_orc
D:5:      layout_loops_ring, okawaru_altar_gauntlet_db,
          grunt_temple_overflow_cloverleaf, mainiacjoe_overflow_six_doors_small,
          minmay_temple_entry_offerings
D:6:      layout_loops_corners, general_overflow_altar, kennysheep_little_box
Temple:   nicolae_temple_two_arcs

Skill      XL: |  1  2  3  4  5  6  7  8 |
---------------+-------------------------+-----
Shields        | 3 4 5 6 |  6.4
Fighting       | 4 5 6 7 |  7.1
Axes           | 2 4 5 |  5.5
Invocations    | 2 |  2.9
Armour         | |  2.6

Action                   |  1- 3 |  4- 6 |  7- 9 || total
-------------------------+-------+-------+-------++-------
Melee: War axe           |   104 |       |       ||   104
       Tailslap          |     9 |    18 |    23 ||    50
       Hand axe          |     6 |   140 |   150 ||   296
       Kick              |       |       |    11 ||    11
  Use: Scroll            |       |     4 |     6 ||    10
       Potion            |       |       |     4 ||     4
Armor: Scale mail        |    28 |       |       ||    28
       Chain mail        |    35 |    63 |    64 ||   162
       Ring mail         |       |       |    19 ||    19
Dodge: Dodged            |    37 |    38 |    43 ||   118
Block: Buckler           |    20 |    29 |    33 ||    82
